 Dungeon Crawl Stone Soup version 0.22-a0-363-g29407c6 (webtiles) character file.

103 JeffiDaFish the Digger (level 4, -7/24 HPs)
             Began as a Gargoyle Earth Elementalist on Apr 21, 2018.
             Killed from afar by an orc wizard (9 damage)
             ... with a puff of flame
             ... on level 3 of the Dungeon.
             The game lasted 00:04:51 (2438 turns).

JeffiDaFish the Digger (GrEE)                       Turns: 2438, Time: 00:04:52

Health: -7/24      AC:  5    Str: 10 (11) XL:     4   Next: 79%
Magic:  0/8        EV: 12    Int: 17      God:
Gold:   132        SH:  0    Dex: 12      Spells: 5/9 levels left

rFire    . . .     SeeInvis .   a - -1 hand axe (curse)
rCold    . . .     Gourm    .   (no shield)
rNeg     + . .     Faith    .   c - +0 robe
rPois    ∞         Spirit   .   (helmet restricted)
rElec    +         Reflect  .   (no cloak)
rCorr    +         Harm     .   (no gloves)
MR       .....                  (no boots)
Stlth    ++........             (no amulet)
HPRegen  0.08/turn              i - ring of resist corrosion
MPRegen  0.11/turn              (no ring)

@: no status effects
A: antennae 1, agile 1, negative energy resistance 1, electricity resistance,
unbreathing, petrification resistance, rot immunity, AC +3
a: no special abilities


You were on level 3 of the Dungeon.
You were not hungry.

You visited 1 branch of the dungeon, and saw 3 of its levels.

You collected 132 gold pieces.

Inventory:

Hand Weapons
 a - a cursed -1 hand axe (weapon)
 e - a +0 whip
Missiles
 b - 80 stones (quivered)
Armour
 c - a +0 robe (worn)
Jewellery
 i - a ring of resist corrosion (left hand)
Scrolls
 g - 2 scrolls of identify
 h - 2 scrolls of fog
 j - a scroll of amnesia
Comestibles
 d - a ration


   Skills:
 - Level 1.6 Dodging
 - Level 2.4 Stealth
 + Level 3.3 Spellcasting
   Level 0.7 Transmutations
 + Level 5.2 Earth Magic


You had 5 spell levels left.
You knew the following spells:

 Your Spells              Type           Power        Failure   Level  Hunger
a - Sandblast             Erth           ###...       1%          1    None
b - Stone Arrow           Conj/Erth      ##....       17%         3    ###....


Dungeon Overview and Level Annotations

Branches:
Dungeon (3/15)

Altars:


Innate Abilities, Weirdness & Mutations

You are resistant to torment.
Your stone body is resilient. (AC +3)
You are immune to poison.
You resist negative energy. (rN+)
You are resistant to electric shocks. (rElec)
You can survive without breathing.
You are immune to petrification.
You are immune to rotting.
You have a pair of small antennae on your head.
You are agile. (Dex +2)


Message History

The blast of sand hits something.
b - 81 stones Something barely misses you.
You barely miss something.
Something hits you but does no damage. x2
You aren't carrying any potions.
You hit something. Something hits you but does no damage. Something hits you.
* * * LOW HITPOINT WARNING * * *
A rat comes into view.
Casting: Sandblast (safe; 1% risk of failure)
Confirm with . or Enter, or press ? or * to list all spells.
Aiming: Sandblast (safe; 1% risk of failure)
Press: ? - help, Shift-Dir - straight line The blast of sand hits something.
b - 80 stones Something hits you but does no damage. x2
You miss something.
You hear some strange, mumbled words.
A puff of flame appears from out of thin air!
The puff of flame hits you!
You die...

##.# .... ...
#.. ## #.# ..
#.#
#.###.###!♣≈≈♣
#.!@{<).rP≈♣
#.###.#....≈≈≈
# ...#)...≈≈≈
#......♣..≈≈
######.. P.♣
#.g .. #.. P
#..


You could see a rat.

Vanquished Creatures
  5 adders (D:2)
  A worm (D:2)
  2 dart slugs
  A leopard gecko (D:2)
  2 orcs (D:3)
  A ball python (D:2)
  5 giant cockroaches
  9 goblins
  3 hobgoblins (D:2)
  A quokka (D:2)
  4 bats (D:1)
  2 frilled lizards (D:1)
  6 kobolds
  6 rats
48 creatures vanquished.

Notes
Turn   | Place    | Note
-------+----------+-------------------------------------------
     0 | D:1      | JeffiDaFish the Gargoyle Earth Elementalist began the quest for the Orb.
     0 | D:1      | Reached XP level 1. HP: 10/10 MP: 3/3
   477 | D:1      | Reached XP level 2. HP: 11/15 MP: 3/5
   487 | D:1      | Reached skill level 4 in Earth Magic
  1201 | D:2      | Reached XP level 3. HP: 19/19 MP: 2/6
  1406 | D:2      | Learned a level 3 spell: Stone Arrow
  1720 | D:2      | Reached XP level 4. HP: 24/24 MP: 1/8
  1955 | D:2      | Reached skill level 5 in Earth Magic
  2193 | D:2      | Gained mutation: You have a pair of small antennae on your head. [potion of mutation]
  2193 | D:2      | Gained mutation: You are agile. (Dex +2) [potion of mutation]
  2438 | D:3      | Killed from afar by an orc wizard

Vault maps used:
D:1:      minmay_arrival_stone_box
D:3:      lemuel_crystal_altar, first_ration, serial_bayou_pond_a

Skill      XL: |  1  2  3  4 |
---------------+-------------+-----
Earth Magic    | 4 5 |  5.2
Spellcasting   | 3 |  3.3
Dodging        | |  1.6
Stealth        | |  2.4
Transmutations | |  0.7

Action                   |  1- 3 |  4- 6 || total
-------------------------+-------+-------++-------
Melee: Unarmed           |     7 |       ||     7
       Hand axe          |    52 |    43 ||    95
 Cast: Sandblast         |    30 |    22 ||    52
       Stone Arrow       |     2 |     2 ||     4
  Use: Potion            |     3 |     2 ||     5
       Scroll            |     3 |       ||     3
 Stab: Sleeping          |     1 |       ||     1
  Eat: Chunk             |     3 |     3 ||     6
Armor: Robe              |    37 |    23 ||    60
Dodge: Dodged            |    53 |    27 ||    80

Table legend:
 A = Spawn XP
 B = Non-spawn XP
 C = Spawn XP percentage of total XP
 D = Spawn monster count
 E = Non-spawn monster count
 F = Spawn count percentage of total count
 G = Total turns spent on level
                    A         B        C        D         E        F      G
               +---------+---------+-------+---------+---------+-------+---------
         Total |       0 |     148 |   0.0 |       0 |      48 |   0.0 |  2438
               +---------+---------+-------+---------+---------+-------+---------
           D:1 |       0 |      23 |   0.0 |       0 |      14 |   0.0 |  1191
           D:2 |       0 |     114 |   0.0 |       0 |      29 |   0.0 |  1209
           D:3 |       0 |      11 |   0.0 |       0 |       5 |   0.0 |    38
               +---------+---------+-------+---------+---------+-------+---------
